 Dungeon Crawl Stone Soup version 0.26-a0-660-gc07710193c (webtiles) character file.

Game seed: 11764308713311449886

512 dickylongcocking the Skirmisher (level 6, -8/49 HPs)
             Began as a Demonspawn Fighter on Oct 5, 2020.
             Killed by divine providence
             ... invoked by an orc priest
              (15 damage)
             ... on level 5 of the Dungeon.
             The game lasted 00:02:35 (4813 turns).

dickylongcocking the Skirmisher (DsFi)              Turns: 4813, Time: 00:02:36

Health: -8/49      AC:  7    Str: 18    XL:     6   Next: 99%
Magic:  5/5        EV:  8    Int: 10    God:
Gold:   166        SH:  9    Dex: 12    Spells: 5/5 levels left

rFire    . . .     SeeInvis .   a - +0 rapier
rCold    . . .     Faith    .   c - +0 kite shield
rNeg     . . .     Spirit   .   b - +0 scale mail
rPois    .         Reflect  .   (no helmet)
rElec    .         Harm     .   (no cloak)
rCorr    .         Rampage  .   (no gloves)
MR       .....                  (no boots)
Stlth    ..........             (no amulet)
HPRegen  0.16/turn              (no ring)
MPRegen  0.09/turn              (no ring)

@: lethally poisoned (-8 -> -10)
A: talons 2, demonic guardian 1, low mp 1, sense surroundings 1
a: no special abilities


You were on level 5 of the Dungeon.
You visited 1 branch of the dungeon, and saw 5 of its levels.

You collected 166 gold pieces.

Inventory:

Hand Weapons
 a - a +0 rapier (weapon)
Armour
 b - a +0 scale mail (worn)
 c - a +0 kite shield (worn)
Wands
 p - a wand of paralysis (12)
Scrolls
 e - 4 scrolls of teleportation {unknown}
 g - 2 scrolls of remove curse {unknown}
 h - 4 scrolls of identify {unknown}
 i - 4 scrolls of blinking {unknown}
 m - a scroll of random uselessness {unknown}
 o - a scroll of enchant weapon {unknown}
 q - a scroll of magic mapping {unknown}
 r - a scroll of fog {unknown}
 s - 2 scrolls of fear {unknown}
 v - a scroll of immolation {unknown}
Potions
 d - 2 potions of might
 j - a potion of lignification {unknown}
 k - a potion of curing {unknown}
 l - 2 potions of degeneration {unknown}
 n - a potion of stabbing {unknown}
 t - a potion of haste {unknown}
 u - a potion of resistance {unknown}


   Skills:
 + Level 4.4 Fighting
 + Level 4.0 Short Blades
 + Level 4.2 Armour
 + Level 1.3 Dodging
 + Level 0.3 Stealth
 + Level 3.8 Shields


You had 5 spell levels left.
You didn't know any spells.
Your spell library was empty.

Dungeon Overview and Level Annotations

Branches:
Dungeon (5/15)
 Temple: D:4-7

Altars:
Elyvilon
Kikubaaqudgha
Okawaru
Sif Muna
Vehumet
Wu Jian
Xom
The Shining One


Innate Abilities, Weirdness & Mutations

You have razor-sharp toenails.
A weak demonic guardian rushes to your aid.
Your magical capacity is low. (-10% MP)
You passively map a small area around you.


Message History

Your iron imp hits the adder but does no damage.
The adder bites your iron imp but does no damage.
You feel sick.
The orc priest looks encouraged for a moment.
The adder closely misses your iron imp.
Your iron imp barely misses the adder.
It was a potion of mutation.
You feel extremely strange.
You feel less energetic.
You feel a strange attunement to the structure of the dungeons.
You feel sick.
Something bites your iron imp but does no damage.
Your iron imp disappears in a puff of smoke!
You closely miss the adder. You claw the adder, but do no damage.
The adder is heavily wounded.
You block the adder's attack.
Your ufetubus barely misses the adder.
Your ufetubus hits the adder. You hit the adder.
You kill the adder!
The orc priest calls down the wrath of Beogh upon you.
Beogh smites you!
You die...

....,, #.#
#.# * #..##
#.# #.#
..., ..#
#.# * ,.##
#.# ,,.*
#.# * * * ,
* #.# , . ,
#.# , ... *
#.#
#..####@# *
#..BoO†5#
.....######
### * , , ,
,, * , , ,
, *


You could see an ogre, an orc priest, a giant cockroach and a friendly ufetubus
(summoned).

Vanquished Creatures
  A sky beast (D:5)
  A phantom (D:5)
  A hound (D:4)
  An orc wizard (D:5)
  3 worker ants (D:4)
  A hound skeleton (D:4)
  4 adders
  4 gnolls (D:3)
  5 worms
  7 dart slugs
  7 leopard geckos
  9 orcs
  A ball python (D:1)
  8 bats
  2 giant cockroaches (D:3)
  6 goblins
  12 hobgoblins
  10 jackals
  2 quokkas
  4 frilled lizards
  7 kobolds
  6 rats
102 creatures vanquished.

Vanquished Creatures (others)
  A withered plant (D:5)
1 creature vanquished.

Grand Total: 103 creatures vanquished

Notes
Turn   | Place    | Note
-------+----------+-------------------------------------------
     0 | D:1      | dickylongcocking the Demonspawn Fighter began the quest for
                  | the Orb.
     0 | D:1      | Reached XP level 1. HP: 18/18 MP: 1/1
    57 | D:1      | Gained mutation: You have sharp toenails. [demonic
                  | ancestry]
    57 | D:1      | Reached XP level 2. HP: 12/24 MP: 2/2
   301 | D:1      | Found a shimmering altar of Xom.
   936 | D:1      | Gained mutation: A weak demonic guardian rushes to your
                  | aid. [demonic ancestry]
   936 | D:1      | Reached XP level 3. HP: 29/29 MP: 3/3
  1914 | D:3      | Reached XP level 4. HP: 28/36 MP: 4/4
  2470 | D:3      | Found a white marble altar of Elyvilon.
  2764 | D:3      | Found a glowing golden altar of the Shining One.
  2765 | D:3      | Found a radiant altar of Vehumet.
  2765 | D:3      | Found an ornate altar of the Wu Jian Council.
  2766 | D:3      | Found a shimmering blue altar of Sif Muna.
  2833 | D:3      | Reached XP level 5. HP: 35/42 MP: 5/5
  3267 | D:4      | Found an iron altar of Okawaru.
  3828 | D:4      | Gained mutation: You have razor-sharp toenails. [demonic
                  | ancestry]
  3828 | D:4      | Reached XP level 6. HP: 15/48 MP: 6/6
  4449 | D:4      | Reached skill level 1 in Dodging
  4487 | D:5      | Entered Level 5 of the Dungeon
  4508 | D:5      | Found an ancient bone altar of Kikubaaqudgha.
  4656 | D:5      | Noticed a sky beast
  4667 | D:5      | Killed a sky beast
  4810 | D:5      | Gained mutation: Your magical capacity is low. (-10% MP)
                  | [potion of mutation]
  4810 | D:5      | Gained mutation: You passively map a small area around you.
                  | [potion of mutation]
  4813 | D:5      | Killed from afar by an orc priest

Illustrated notes

Levels and vault maps discovered:
D:1:      minmay_arrival_wavy_path, layout_basic, st_stairs_5,
          kennysheep_flooded_box, minmay_shallow_snake_nest
D:2:      layout_basic
D:3:      layout_loops_cross, grunt_temple_overflow_open
D:4:      layout_loops_corners, okawaru_ov_weapons_minmay
D:5:      layout_loops_ring, kiku_gazebo_garden_becter,
          corexii_item_surrounded_by_moat, lemuel_angel_altar

Skill      XL: |  1  2  3  4  5  6 |
---------------+-------------------+-----
Shields        | 3 |  3.8
Short Blades   | 2 3 4 |  4.0
Armour         | 3 4 |  4.2
Fighting       | 4 |  4.4
Dodging        | 1 |  1.3
Stealth        | |  0.3

Action                   |  1- 3 |  4- 6 || total
-------------------------+-------+-------++-------
Melee: Rapier            |   117 |   226 ||   343
       Kick              |    23 |    61 ||    84
  Use: Potion            |       |     1 ||     1
 Stab: Distracted        |       |     1 ||     1
Armor: Scale mail        |    41 |    74 ||   115
Dodge: Dodged            |    24 |    41 ||    65
Block: Kite shield       |    60 |    94 ||   154

Table legend: (Time is in decaauts)
 A = Elapsed time spent in this place.
 B = Non-inter-level travel time spent in this place.
 C = Inter-level travel time spent in this place.
 D = Time resting spent in this place.
 E = Time spent auto-exploring this place.
 F = Levels seen in this place.
 G = Mean time per level.
                   A        B        C        D        E       F      G
               +--------+--------+--------+--------+--------+-----+--------+
         Total |   4863 |   4775 |     88 |    324 |   3694 |   5 |  972.6 |
       Dungeon |   4863 |   4775 |     88 |    324 |   3694 |   5 |  972.6 |
               +--------+--------+--------+--------+--------+-----+--------+

Top non-repeatable levels by time:
     D:4: 1401 daAuts
     D:3: 1250 daAuts
     D:1: 1213 daAuts
     D:2: 667 daAuts
     D:5: 329 daAuts
